 Dungeon Crawl Stone Soup version 0.26-b1-32-g5d43845318 (webtiles) character file.

Game seed: 16879080470738687851

252 Borgoz the Cudgeller (level 6, 0/55 HPs)
             Began as a Gargoyle Gladiator on Jan 10, 2021.
             Splashed by Ijyb's acid (12 damage)
             ... on level 4 of the Dungeon.
             The game lasted 00:04:03 (3344 turns).

Borgoz the Cudgeller (Gargoyle Gladiator)           Turns: 3344, Time: 00:04:04

Health: 0/55       AC: 19    Str: 17    XL:     6   Next: 14%
Magic:  6/6        EV:  2    Int:  9    God:
Gold:   15         SH:  0    Dex: 13    Spells: 5/5 levels left

rFire    . . .     SeeInvis .   a - +0 flail
rCold    . . .     Faith    .   (no shield)
rNeg     + + +     Spirit   .   (armour currently unavailable)
rPois    ∞         Reflect  .   (helmet currently unavailable)
rElec    .         Harm     .   (cloak currently unavailable)
rCorr    .         Rampage  .   (gloves currently unavailable)
Will     .....     NoTele   +   (boots currently unavailable)
Stlth    +.........             (no amulet)
HPRegen  0.18/turn              (no ring)
MPRegen  0.10/turn              (no ring)

@: tree-form, corroded
A: negative energy resistance 1, petrification resistance, miasma immunity, AC
+4
a: no special abilities


You were on level 4 of the Dungeon.
You were a tree.
You visited 1 branch of the dungeon, and saw 4 of its levels.

You collected 90 gold pieces.
You spent 75 gold pieces at shops.

Inventory:

Hand Weapons
 a - a +0 flail (weapon)
Missiles
 d - 3 throwing nets (quivered)
Armour
 c - a +0 helmet (melded)
 m - a +0 ring mail (melded)
 q - a +1 cloak (melded)
Scrolls
 e - 2 scrolls of magic mapping {unknown}
 f - a scroll of immolation {unknown}
 i - a scroll of remove curse {unknown}
 j - a scroll of teleportation {unknown}
 l - a scroll of blinking {unknown}
 n - a scroll of fear {unknown}
 o - a scroll of random uselessness {unknown}
 p - 2 scrolls of amnesia {unknown}
 r - a scroll of enchant armour {unknown}
Potions
 b - a potion of degeneration
 g - a potion of curing
 h - 3 potions of brilliance


   Skills:
 + Level 3.4 Fighting
 * Level 4.5 Maces & Flails
 - Level 1.7 Throwing
 + Level 2.1 Armour
 * Level 3.7 Dodging


You had 5 spell levels left.
You didn't know any spells.
Your spell library was empty.

Dungeon Overview and Level Annotations

Branches:
Dungeon (4/15)
 Temple: D:4-7

Altars:
Gozag

Shops:
D:4 *

Annotations:
D:4 Ijyb


Innate Abilities, Weirdness & Mutations

You are resistant to torment.
((Your stone body is resilient. (AC +4)))
You are immune to poison.
You resist negative energy. (rN+)
((You are resistant to electric shocks. (rElec)))
((You can survive without breathing.))
You are immune to petrification.
You are immune to miasma.


Message History

You barely miss Ijyb.
Ijyb is heavily wounded.
Ijyb hits you but does no damage. The orc hits you but does no damage.
You hit Ijyb.
Ijyb is heavily wounded.
Ijyb zaps a wand.
The bolt of acid hits you but does no damage.
The acid corrodes you!
You are splashed with acid!
The orc hits you but does no damage.
Ijyb zaps a wand.
The bolt of acid hits you.
You are splashed with acid!
* * * LOW HITPOINT WARNING * * *
You hit Ijyb but do no damage.
Ijyb is heavily wounded.
The orc hits you but does no damage. Ijyb hits you but does no damage.
You hit Ijyb but do no damage.
Ijyb is heavily wounded.
The orc barely misses you.
Ijyb zaps a wand.
The bolt of acid hits you.
* * * LOW HITPOINT WARNING * * *
You are splashed with acid!
You die...

#. #.# #..####.##.#. #.
..# #..####)##.#.
#.##.###.....#.####.
#..#.#.......#.#####
.###..#.#.......#......
......#.........#######
#...#..........#
####..#..........#
#...♣o...##......#
#..g.>...##......#
#..<.....##......#
#........##......#
.........?##......#
......#######......#
....... #......#
....... #......#
#......#


You could see Ijyb and an orc.

Vanquished Creatures
  Jessica (D:3)
  An iguana (D:4)
  Terence (D:3)
  3 gnolls (D:3)
  5 adders
  A howler monkey skeleton (D:3)
  A worm (D:2)
  4 leopard geckos
  5 orcs
  3 ball pythons
  10 bats
  6 giant cockroaches
  7 hobgoblins
  10 kobolds
  4 quokkas
  2 frilled lizards
  8 goblins
  11 rats
83 creatures vanquished.

Notes
Turn   | Place    | Note
-------+----------+-------------------------------------------
     0 | D:1      | Borgoz the Gargoyle Gladiator began the quest for the Orb.
     0 | D:1      | Reached XP level 1. HP: 12/12 MP: 1/1
   168 | D:1      | Reached XP level 2. HP: 16/18 MP: 2/2
   641 | D:1      | Reached XP level 3. HP: 21/22 MP: 3/3
   655 | D:1      | Reached skill level 1 in Armour
  1358 | D:2      | Reached XP level 4. HP: 22/27 MP: 4/4
  1429 | D:2      | Found an opulent altar of Gozag.
  2137 | D:3      | Reached skill level 4 in Maces & Flails
  2137 | D:3      | Reached XP level 5. HP: 12/32 MP: 5/5
  2479 | D:3      | Noticed Jessica
  2487 | D:3      | Killed Jessica
  2895 | D:3      | Noticed Terence
  2913 | D:3      | Killed Terence
  3163 | D:4      | Reached XP level 6. HP: 37/37 MP: 6/6
  3202 | D:4      | Found an opulent altar of Gozag.
  3273 | D:4      | Found Qexouti's Assorted Antiques.
  3286 | D:4      | Bought an orange potion for 23 gold pieces
  3286 | D:4      | Bought a scroll of identify for 52 gold pieces
  3325 | D:4      | Noticed Ijyb
  3344 | D:4      | Splashed by Ijyb's acid

Illustrated notes

Levels and vault maps discovered:
D:1:      lightli_arrival_quake, layout_basic, st_stairs_8
D:2:      layout_loops_ring, grunt_gozag_statues
D:3:      layout_loops_ring, uniq_terence, uniq_jessica
D:4:      layout_basic, pdpol_wu_jian_five_deadly_venoms,
          nicolae_overflow_crystal_walls, serial_shops, kennysheep_little_box,
          uniq_natasha, uniq_ijyb

Skill      XL: |  1  2  3  4  5 |
---------------+----------------+-----
Armour         | 1 2 |  2.1
Dodging        | 3 |  3.7
Fighting       | 3 |  3.4
Maces & Flails | 4 |  4.5
Throwing       | |  1.7

Action                   |  1- 3 |  4- 6 || total
-------------------------+-------+-------++-------
Melee: Flail             |   147 |   210 ||   357
Throw: Throwing net      |       |     1 ||     1
  Use: Scroll            |       |     5 ||     5
       Potion            |       |     3 ||     3
 Stab: Held in net/web   |       |     1 ||     1
       Sleeping          |       |     1 ||     1
Armor: Leather armour    |    81 |    33 ||   114
       Ring mail         |       |    49 ||    49
       Skin              |       |    17 ||    17
Dodge: Dodged            |   130 |   162 ||   292
